 Dungeon Crawl Stone Soup version 0.30-a0-800-g7c544603b3 (webtiles) character file.

Game seed: 10646742022089560633

55 oldriver the Shooter (level 4, -7/36 HPs)
             Began as a Meteoran Hunter on Feb 22, 2023.
             Killed from afar by an orc wizard (10 damage)
             ... with a puff of flame
             ... on level 2 of the Dungeon.
             The game lasted 00:01:49 (405 turns).

oldriver the Shooter (Meteoran Hunter)               Turns: 405, Time: 00:01:50

Health: -7/36      AC:  5    Str: 19    XL:     4   Next: 36%
Magic:  5/5        EV: 12    Int: 10    God:
Gold:   61         SH:  0    Dex: 19    Spells: 3/3 levels left

rFire   . . .      SeeInvis .    a - +0 shortbow
rCold   . . .      Faith    .    (shield currently unavailable)
rNeg    . . .      Spirit   .    c - +0 leather armour
rPois   +          Reflect  .    (no helmet)
rElec   .          Harm     .    l - +0 cloak
rCorr   .          Rampage  .    m - +0 pair of gloves
Will    .....                    (no boots)
Stlth   +                        (no amulet)
HPRegen 0.26/turn                e - ring of poison resistance
MPRegen 0.09/turn                k - +6 ring of strength

@: confused, glowing
A: sense surroundings 1, otherworldly, glowing, explore regen
a: no special abilities


You were on level 2 of the Dungeon.
You visited 1 branch of the dungeon, and saw 2 of its levels.

You collected 61 gold pieces.

Inventory:

Hand Weapons
 a - a +0 shortbow (weapon)
Armour
 c - a +0 leather armour (worn)
 l - a +0 cloak (worn)
 m - a +0 pair of gloves (worn)
Jewellery
 e - a ring of poison resistance (left hand)
 k - a +6 ring of strength (right hand)
Scrolls
 b - a scroll of immolation
 f - a scroll of enchant armour {unknown}
 g - a scroll of enchant weapon {unknown}
 j - a scroll of identify {unknown}
Potions
 d - a potion of mutation {unknown}
 h - 3 potions of curing {unknown}
 i - a potion of berserk rage {unknown}


   Skills:
 + Level 2.2 Fighting
 * Level 5.9 Ranged Weapons
 - Level 2.4 Dodging
 - Level 0.6 Stealth


You had 3 spell levels left.
You didn't know any spells.
Your spell library was empty.

Dungeon Overview and Level Annotations

Branches:
Dungeon (2/15) Zot: 775

Altars:
Gozag


Innate Abilities, Weirdness & Mutations

You passively map a small area around you.
You are easily found by Zot.
You glow in the dark.
You regain HP and MP as you explore.


Message History

Aim: an orc priest, wielding a +0 club and wearing a +1 leather armour of willpower (moderately wounded, 64% to hit)
You shoot an arrow. The arrow hits the orc priest.
The orc priest is moderately wounded.
The orc priest hits you with a +0 club. Something hits you.
Something hits you but does no damage.
Fire: a) +0 shortbow
Press: ? - help, Shift-Dir - straight line, f/p - orc priest
Aim: an orc priest, wielding a +0 club and wearing a +1 leather armour of willpower (moderately wounded, 64% to hit)
You shoot an arrow.
The arrow hits the orc priest but does no damage.
The orc priest is moderately wounded.
The orc priest hits you but does no damage.
Something hits you but does no damage. Something hits you.
The orc priest hits you with a +0 club.
* * * LOW HITPOINT WARNING * * *
Something hits you but does no damage. Something hits you.
* * * LOW HITPOINT WARNING * * *
Fire: a) +0 shortbow
Press: ? - help, Shift-Dir - straight line, f/p - orc priest
Aim: an orc priest, wielding a +0 club and wearing a +1 leather armour of willpower (moderately wounded, 64% to hit)
You shoot an arrow. The arrow hits the orc priest.
The orc priest is heavily wounded.
The orc priest misses you.
You hear some strange, mumbled words.
Something tries to affect you, but you resist.
Something barely misses you.
Fire: a) +0 shortbow
Press: ? - help, Shift-Dir - straight line, f/p - orc priest
Aim: an orc priest, wielding a +0 club and wearing a +1 leather armour of willpower (heavily wounded, 64% to hit)
You shoot an arrow.
The arrow hits the orc priest but does no damage.
The orc priest is heavily wounded.
The orc priest hits you with a +0 club.
* * * LOW HITPOINT WARNING * * *
You hear some strange, mumbled words.
You are confused.
You hear some strange, mumbled words.
A puff of flame appears from out of thin air!
The puff of flame hits you!
You die...

#...........#
....#
####........#
... #........#
#........#
##.....#.#* *,
* ##.......# ,
,, ,
#......###,
#..{###### *
#..@o##.. ,,
####{o#.######
##.#.....o.
#.)).o.... *
##.....o.., *
* #........ ,
* #........,
##.......
....... ,


You could see an orc priest and an orc.

Vanquished Creatures
  2 adders (D:2)
  A dart slug (D:1)
  3 orcs (D:2)
  3 ball pythons
  4 endoplasms
  3 goblins
  3 hobgoblins (D:1)
  3 kobolds
  4 bats
  3 rats
29 creatures vanquished.

Notes
Turn   | Place    | Note
-------+----------+-------------------------------------------
     0 | D:1      | oldriver the Meteoran Hunter began the quest for the Orb.
     0 | D:1      | Reached XP level 1. HP: 17/17 MP: 2/2
    32 | D:1      | Reached XP level 2. HP: 24/24 MP: 3/3
    77 | D:1      | Reached skill level 5 in Ranged Weapons
   193 | D:1      | Reached XP level 3. HP: 29/29 MP: 4/4
   234 | D:2      | Found an opulent altar of Gozag.
   298 | D:2      | Reached XP level 4. HP: 36/36 MP: 5/5
   405 | D:2      | Killed from afar by an orc wizard

Illustrated notes

Levels and vault maps discovered:
D:1:      dreamdust_arrival_beginning_and_end, layout_rooms,
          grunt_decor_resistance
D:2:      cheibrodos_pilgrimage, layout_basic, basic_altar,
          uniq_crazy_yiuf_cottage

Skill      XL: |  1  2 |
---------------+-------+-----
Ranged Weapons | 5 |  5.9
Fighting       | |  2.2
Dodging        | |  2.4
Stealth        | |  0.6

Action                     |  1- 3 |  4- 6 || total
---------------------------+-------+-------++-------
   Fire: Shortbow          |    56 |    21 ||    77
 Armour: Leather armour    |    13 |     5 ||    18
  Dodge: Dodged            |    24 |     3 ||    27

Table legend: (Time is in decaauts)
 A = Elapsed time spent in this place.
 B = Non-inter-level travel time spent in this place.
 C = Inter-level travel time spent in this place.
 D = Time resting spent in this place.
 E = Time spent auto-exploring this place.
 F = Levels seen in this place.
 G = Mean time per level.
                   A        B        C        D        E       F      G
               +--------+--------+--------+--------+--------+-----+--------+
         Total |    423 |    392 |     31 |      0 |     12 |   2 |  211.5 |
       Dungeon |    423 |    392 |     31 |      0 |     12 |   2 |  211.5 |
               +--------+--------+--------+--------+--------+-----+--------+

Top non-repeatable levels by time:
     D:1: 230 daAuts
     D:2: 193 daAuts
